 Dungeon Crawl Stone Soup version 0.17-a0-1910-g4c791fa (webtiles) character file.

407 Lasan the Grave Robber (level 6, -4/51 HPs)
             Began as a Deep Dwarf Necromancer on Sept 26, 2015.
             Was an Initiate of Vehumet.
             Slain by an iguana (8 damage)
             ... on level 5 of the Dungeon.
             The game lasted 00:53:19 (4818 turns).

Lasan the Grave Robber (Deep Dwarf Necromancer)     Turns: 4818, Time: 00:53:19

Health: -4/51      AC:  4    Str: 11    XL:     6   Next: 57%
Magic:  21/21      EV: 13    Int: 18    God:    Vehumet [......]
Gold:   254        SH:  0    Dex: 13    Spells: 4 memorised, 4 levels left

rFire  . . .     SeeInvis .     p - +0 whip (elec)
rCold  . . .     Clarity  .     a - +2 robe
rNeg   + . .     SustAt   .     (no shield)
rPois  .         Gourm    .     (no helmet)
rElec  .         Spirit   .     (no cloak)
rCorr  .         Warding  +     (no gloves)
rMut   .         Stasis   .     (no boots)
MR     .....                    s - amulet of warding
Stlth  +.........               m - ring of magical power
                                k - ring of loudness (curse)

@: very slightly contaminated, non-regenerating, not resistant to hostile
enchantments, very unstealthy
A: damage resistance, recharge devices, sense surroundings 1, slow healing 3
a: Device Recharging, Renounce Religion


You were on level 5 of the Dungeon.
You worshipped Vehumet.
Vehumet was noncommittal.
You were not hungry.

You visited 1 branch of the dungeon, and saw 5 of its levels.

You collected 254 gold pieces.

Inventory:

Hand weapons
 p - a +0 whip of electrocution (weapon)
Armour
 a - a +2 robe (worn)
Jewellery
 k - a cursed ring of loudness (left hand)
 m - a ring of magical power (right hand)
 q - an uncursed ring of wizardry
 s - an amulet of warding (around neck)
Magical devices
 c - a wand of heal wounds (8)
 l - a wand of random effects (25)
Scrolls
 d - a scroll of magic mapping
 i - 2 scrolls of enchant weapon
 o - 3 scrolls of identify
Potions
 e - a potion of brilliance
 j - 2 potions of resistance
 r - a potion of curing
Books
 b - a book of Necromancy

   Spells                             Type                      Level
   a - Pain                           Necromancy                   1
   b - Animate Skeleton               Necromancy                   1
   c - Vampiric Draining              Necromancy                   3
   d - Regeneration                   Charms/Necromancy            3
   e - Animate Dead                   Necromancy                   4
   f - Control Undead                 Necromancy                   4
Comestibles
 g - a slice of pizza
 h - 3 meat rations
 n - a royal jelly


   Skills:
 + Level 1.0 Fighting
 + Level 0.2 Maces & Flails
 + Level 3.4 Dodging
 + Level 2.7 Stealth
 + Level 0.5 Unarmed Combat
 + Level 4.0 Spellcasting
 + Level 6.2 Necromancy


You had 4 spell levels left.
You knew the following spells:

 Your Spells              Type           Power        Failure   Level  Hunger
a - Pain                  Necr           ####         1%          1    None
b - Animate Skeleton      Necr           N/A          1%          1    None
c - Vampiric Draining     Necr           ####......   3%          3    ###....
d - Animate Dead          Necr           N/A          14%         4    ####...


Dungeon Overview and Level Annotations

Branches:
Dungeon (5/15)
 Temple: D:4-7

Altars:
Dithmenos
Vehumet
Xom
Zin
The Shining One


Innate Abilities, Weirdness & Mutations

You are resistant to damage.
You can recharge devices by infusing magical energy.
You passively map a small area around you.
You do not heal naturally.


Message History

* * * LOW HITPOINT WARNING * * *
You open the door. The iguana misses you.
The orc wizard hits you but does no damage.
Read which item? (? for menu, Esc to quit)
Blink to where?
Press: ? - help, Dir - move target cursor
As you read the scroll of blinking, it crumbles to dust.
You open the door.
There is an open door here.
An orc opens the door.
The orc wizard hits you with a dagger. The orc wizard barely misses you.
The orc wizard points at you and mumbles some strange words.
The magic dart hits you!
* * * LOW HITPOINT WARNING * * *
You open the door. The orc wizard barely misses you.
The orc wizard barely misses you.
There is an open door here.
The iguana bites you!
You die...

#..o.....+....)...'..#
#........+....[...'..#,
#........#..#.....#..#,
##+#####o#........#..#,
* , ,###o#........#..##
, ,,+...####++####....
, , #o...# ,..........
#l#### ......... ,#@..#
*#.####...
#...###+##.######' *
#..............o..
..............W...
*..................
#..................
##...##..##..###...
#...##..##..#####+ ,.
....,+........


You could see an iguana, an orc wizard and 2 orcs.

Vanquished Creatures
  A giant frog (D:4)
  A crimson imp (D:4)
  An orc priest (D:3)
  A giant frog skeleton (D:4)
  A hound (D:4)
  3 worker ants (D:4)
  A worker ant zombie (D:2)
  2 river rats (D:4)
  4 adders
  A gnoll (D:1)
  2 adder skeletons
  3 worms
  5 orcs (D:3)
  A bat skeleton (D:2)
  3 giant cockroaches (D:4)
  3 hobgoblins
  2 jackals (D:1)
  9 bats
  4 giant geckos
  A giant newt (D:1)
  4 goblins
  2 goblin zombies (D:4)
  A hobgoblin zombie (D:4)
  7 kobolds
  3 kobold skeletons (D:4)
  4 kobold zombies (D:4)
  An orc zombie (D:4)
  2 quokkas (D:2)
  5 rats
78 creatures vanquished.

Vanquished Creatures (collateral kills)
  A worker ant (D:4)
  A bat skeleton (D:2)
  A giant cockroach (D:3)
  A giant gecko zombie (D:2)
  A jackal (D:1)
  A quokka (D:4)
6 creatures vanquished.

Vanquished Creatures (others)
  An iguana (D:5)
  2 orc wizards (D:5)
  2 worker ants (D:5)
  An adder (D:5)
  A worm (D:5)
7 creatures vanquished.

Grand Total: 91 creatures vanquished

Notes
Turn   | Place    | Note
--------------------------------------------------------------
     0 | D:1      | Lasan the Deep Dwarf Necromancer began the quest for the Orb.
     0 | D:1      | Reached XP level 1. HP: 15/15 MP: 3/3
    13 | D:1      | Learned a level 1 spell: Animate Skeleton
   383 | D:1      | Reached XP level 2. HP: 22/22 MP: 1/5
   881 | D:2      | Reached skill level 5 in Necromancy
   881 | D:2      | Reached XP level 3. HP: 24/28 MP: 6/6
   886 | D:2      | Learned a level 3 spell: Vampiric Draining
  2470 | D:3      | Found a shadowy altar of Dithmenos.
  2507 | D:3      | Found a glowing silver altar of Zin.
  2528 | D:3      | Reached XP level 4. HP: 18/37 MP: 2/8
  3391 | D:4      | Reached XP level 5. HP: 39/43 MP: 0/9
  3401 | D:4      | Learned a level 4 spell: Animate Dead
  3407 | D:4      | Reached skill level 1 in Fighting
  3656 | D:4      | Found a glowing golden altar of the Shining One.
  3839 | D:4      | Reached XP level 6. HP: 49/51 MP: 1/11
  3972 | D:4      | Noticed a giant frog
  3987 | D:4      | Killed a giant frog
  3987 | D:4      | Reached skill level 6 in Necromancy
  4632 | D:5      | Entered Level 5 of the Dungeon
  4632 | D:5      | Found a radiant altar of Vehumet.
  4650 | D:5      | Became a worshipper of Vehumet
  4733 | D:5      | Found a shimmering altar of Xom.
  4818 | D:5      | Slain by an iguana

Vault maps used:
D:1:      dpeg_arrival_rooms_with_view, grunt_decor_one_mirror
D:2:      serial_undead, serial_undead_d, serial_undead_d, serial_undead_e,
          serial_undead_a
D:3:      overflow_temple_1_default, nicolae_dithmenos_shadow_blocks
D:4:      kennysheep_six_static_rooms, nicolae_tso_besieged_by_evil,
          first_bread, portal_sewer_entry_a, corexii_leaking_fountain
D:5:      vehumet_crystals, ashenzari_conservatory_becter, xom_confusion_cloud,
          corexii_mini_fake_secret_closet, minmay_bad_closet,
          kennysheep_generic_room_7

Action                   |  1- 3 |  4- 6 || total
-------------------------+-------+-------++-------
Melee: Unarmed           |    56 |       ||    56
       Whip              |       |   118 ||   118
 Cast: Pain              |    68 |     6 ||    74
       Animate Skeleton  |    10 |     8 ||    18
       Vampiric Draining |     7 |    45 ||    52
       Animate Dead      |       |     6 ||     6
  Use: Scroll            |     9 |     3 ||    12
       Potion            |     6 |     5 ||    11
  Eat: Bread ration      |     2 |     3 ||     5
       Chunk             |     1 |     1 ||     2
